 Dungeon Crawl Stone Soup version 0.30-a0-1066-g63dfefce0d (webtiles) character file.

Game seed: 1005229578727067704

585 avangion the Conjurer (level 7, -2/36 HPs)
             Began as a Deep Elf Conjurer on Apr 12, 2023.
             Slain by an iguana (13 damage)
             ... on level 5 of the Dungeon.
             The game lasted 00:07:25 (4019 turns).

avangion the Conjurer (Deep Elf Conjurer)           Turns: 4019, Time: 00:07:25

Health: -2/36      AC:  2    Str:  4    XL:     7   Next: 15%
Magic:  2/18       EV: 12    Int: 25    God:
Gold:   228        SH:  0    Dex: 13    Spells: 11/18 levels left

rFire   . . .      SeeInvis .    t - +8 club
rCold   . . .      Faith    .    (no shield)
rNeg    . . .      Spirit   .    a - +0 robe
rPois   .          Reflect  .    (no helmet)
rElec   .          Rampage  .    (no cloak)
rCorr   .                        (no gloves)
Will    .....                    (no boots)
Stlth   ++                       (no amulet)
HPRegen 0.26/turn                (no ring)
MPRegen 0.16/turn                (no ring)

@: very slightly contaminated
A: no striking features
a: no special abilities


You were on level 5 of the Dungeon.
You visited 1 branch of the dungeon, and saw 5 of its levels.

You collected 228 gold pieces.

Inventory:

Hand Weapons
 d - a +0 short sword
 t - a +8 club (weapon)
Armour
 a - a +0 robe (worn)
 k - a +0 buckler
Magical Staves
 i - a staff of cold
Jewellery
 n - a ring of ice
 y - a ring of ice
Wands
 r - a wand of mindburst (6)
Scrolls
 e - 4 scrolls of teleportation {unknown}
 h - 5 scrolls of noise {unknown}
 j - a scroll of enchant weapon {unknown}
 l - 4 scrolls of identify {unknown}
 p - a scroll of vulnerability {unknown}
 u - 2 scrolls of fog {unknown}
 w - a scroll of amnesia {unknown}
 x - a scroll of enchant armour {unknown}
Potions
 b - a potion of magic
 c - 4 potions of might {unknown}
 f - 3 potions of degeneration {unknown}
 g - a potion of ambrosia {unknown}
 m - 2 potions of curing {unknown}
 o - 2 potions of heal wounds
 q - a potion of haste {unknown}
 s - a potion of attraction {unknown}
 v - a potion of lignification {unknown}


   Skills:
 - Level 2.4 Dodging
 - Level 2.4 Stealth
 * Level 2.5 Shields
 + Level 6.4 Spellcasting
 + Level 7.3 Conjurations


You had 11 spell levels left.
You knew the following spells:

 Your Spells              Type           Power      Damage    Failure   Level
a - Magic Dart            Conj           100%       1d8       1%          1
b - Searing Ray           Conj           88%        2d7       1%          2
c - Iskenderun's Mystic   Conj/Tloc      26%        2d7       16%         4

Your spell library contained the following spells:

 Spells                   Type           Power      Damage    Failure   Level
 Dazzling Flash           Conj/Hex       52%        N/A       4%          3
 Mephitic Cloud           Conj/Pois/Air  20%        N/A       8%          3
 Call Imp                 Summ           16%        N/A       11%         2
 Cigotuvi's Dreadful Rot  Necr/Pois/Air  16%        N/A       11%         2
 Fulminant Prism          Conj/Hex       13%        3d9       16%         4
 Volatile Blastmotes      Fire/Tloc      16%        2d11      22%         3
 Dispel Undead            Necr           8%         3d8       56%         4
 Lee's Rapid Deconstruct  Erth           4%         3d5*      89%         5
 Death Channel            Necr           4%         N/A       100%        6


Dungeon Overview and Level Annotations

Branches:
Dungeon (5/15)
 Temple: D:4-7

Altars:
Ru
Sif Muna
Wu Jian


Message History

Aiming: Searing Ray (safe; 1% risk of failure)
Press: ? - help, Shift-Dir - straight line, f - iguana
Aim: an iguana (heavily wounded, 84% to hit)
The searing ray hits the iguana but does no damage.
The iguana is heavily wounded. (Press . to maintain the ray.)
You feel sick. The hound bites you.
Casting: Searing Ray (safe; 1% risk of failure)
Confirm with . or Enter, or press ? or * to list all spells.
The spell is quite dangerous to miscast (16% risk of failure)!
Continue anyway?
You erupt in a blast of force!
The mystic blast hits the iguana.
The iguana is heavily wounded.
The iguana is knocked back by the mystic blast.
The mystic blast hits the hound.
The hound is almost dead.
The hound is knocked back by the mystic blast.
The mystic blast hits the adder!
You kill the adder!
You feel sick.
You hear a shout!
A worm comes into view.
Casting: Iskenderun's Mystic Blast (quite dangerous; 16% risk of failure)
Confirm with . or Enter, or press ? or * to list all spells.
Aiming: Searing Ray (safe; 1% risk of failure)
Press: ? - help, Shift-Dir - straight line, f - hound, p - iguana
Aim: a hound (almost dead, 75% to hit)
The searing ray hits the hound!
You kill the hound! (Press . to maintain the ray.)
You feel sick.
You are no longer poisoned.
Casting: Searing Ray (safe; 1% risk of failure)
Confirm with . or Enter, or press ? or * to list all spells.
The spell is quite dangerous to miscast (16% risk of failure)!
Continue anyway?
You miscast Iskenderun's Mystic Blast.
You are very lightly contaminated with residual magic.
Nothing appears to happen.
The jelly closely misses you.
An orc comes into view. It is wielding a +0 rapier.
The iguana bites you!
You die...

#########
#........
#......#
#......#
#l.....##
#@.†....#
#.J....$.
o...$....
###.#w####
##..# ...
..# .##


You could see a worm, an iguana, a jelly and an orc.

Vanquished Creatures
  A black bear (D:4)
  3 scorpions (D:4)
  An orc priest (D:4)
  A jelly (D:4)
  A hound (D:5)
  Jessica (D:3)
  An orc wizard (D:3)
  10 adders
  An ufetubus (D:4)
  A worm (D:2)
  2 dart slugs
  7 orcs
  4 bats
  6 endoplasms
  2 giant cockroaches
  5 goblins
  5 hobgoblins
  5 kobolds
  12 ball pythons
  4 frilled lizards
  7 rats
80 creatures vanquished.

Notes
Turn   | Place    | Note
-------+----------+-------------------------------------------
     0 | D:1      | avangion the Deep Elf Conjurer began the quest for the Orb.
     0 | D:1      | Reached XP level 1. HP: 10/10 MP: 6/6
   231 | D:1      | Reached XP level 2. HP: 15/15 MP: 5/8
   234 | D:1      | Learned a level 2 spell: Searing Ray
   508 | D:1      | Reached skill level 5 in Conjurations
   862 | D:2      | Reached XP level 3. HP: 19/19 MP: 4/9
  1739 | D:3      | Reached XP level 4. HP: 24/24 MP: 5/11
  1744 | D:3      | Learned a level 4 spell: Iskenderun's Mystic Blast
  1863 | D:3      | Reached skill level 1 in Shields
  1944 | D:3      | Found a sacrificial altar of Ru.
  2279 | D:3      | Found a shimmering blue altar of Sif Muna.
  2292 | D:3      | Reached skill level 6 in Conjurations
  2379 | D:3      | Noticed Jessica
  2384 | D:3      | Killed Jessica
  2385 | D:3      | Reached XP level 5. HP: 17/28 MP: 5/13
  2996 | D:4      | Found an ornate altar of the Wu Jian Council.
  3103 | D:4      | Reached skill level 5 in Spellcasting
  3103 | D:4      | Reached XP level 6. HP: 32/32 MP: 11/15
  3257 | D:4      | Reached skill level 7 in Conjurations
  3897 | D:5      | Entered Level 5 of the Dungeon
  3906 | D:4      | Reached XP level 7. HP: 36/36 MP: 3/18
  4019 | D:5      | Slain by an iguana

Illustrated notes

Levels and vault maps discovered:
D:1:      mrwooster_arrival_statue_3, layout_loops_cross
D:2:      layout_rooms
D:3:      layout_loops_ring, mainiacjoe_overflow_alcove_2,
          kennysheep_orc_sif_temple, grunt_ministairs_10, uniq_jessica
D:4:      layout_layer_cave, general_overflow_altar, kennysheep_generic_room_15
D:5:      layout_rooms, lemuel_round_altar,
          mainiacjoe_overflow_concentric_impassable,
          minmay_temple_entry_butterflies, serial_shops,
          nicolae_shop_statue_plus, minmay_ruined_shrine,
          uniq_crazy_yiuf_cottage

Skill      XL: |  1  2  3  4  5  6 |
---------------+-------------------+-----
Conjurations   | 5 6 7 |  7.3
Shields        | 1 2 |  2.5
Spellcasting   | 4 5 6 |  6.4
Dodging        | |  2.4
Stealth        | |  2.4

Action                     |  1- 3 |  4- 6 |  7- 9 || total
---------------------------+-------+-------+-------++-------
  Melee: Club              |       |     8 |       ||     8
   Cast: Magic Dart        |    74 |    65 |       ||   139
         Searing Ray       |       |    23 |     2 ||    25
         Iskenderun's Myst |       |     2 |     2 ||     4
 Armour: Robe              |       |     1 |     1 ||     2
  Dodge: Dodged            |     2 |    11 |     4 ||    17

Table legend: (Time is in decaauts)
 A = Elapsed time spent in this place.
 B = Non-inter-level travel time spent in this place.
 C = Inter-level travel time spent in this place.
 D = Time resting spent in this place.
 E = Time spent auto-exploring this place.
 F = Levels seen in this place.
 G = Mean time per level.
                   A        B        C        D        E       F      G
               +--------+--------+--------+--------+--------+-----+--------+
         Total |   4025 |   3928 |     97 |      0 |   3552 |   5 |  805.0 |
       Dungeon |   4025 |   3928 |     97 |      0 |   3552 |   5 |  805.0 |
               +--------+--------+--------+--------+--------+-----+--------+

Top non-repeatable levels by time:
     D:4: 1431 daAuts
     D:3: 1089 daAuts
     D:1: 832 daAuts
     D:2: 659 daAuts
     D:5: 12 daAuts
